[Event "Australian-ch 2018"]
[Site "Sydney"]
[Date "2018.01.08"]
[Round "7.16"]
[White "Wright, Neil"]
[Black "Mcnamara, Gary"]
[Result "1-0"]
[WhiteElo "2126"]
[BlackElo "2134"]
[PlyCount "37"]
[EventDate "2018.01.02"]
[EventType "tourn"]
[EventCountry "AUS"]
[TimeControl "40/5400+30:1800+30"]
[WhiteClock "1:30:30"]
[BlackClock "1:30:30"]

1. e4 e5 2. Nf3 Nf6 3. d4 Nxe4 4. Bd3 d5 5. Nxe5 Nd7 6. Bf4 Ndf6 7. O-O Be7 8. Re1 O-O 9. c4 Nd6 10. Nd2 Nf5 11. Ndf3 c5 12. dxc5 Bxc5 13. Qc2 g6 14. Bg5 h6 15. Bxf6 Qxf6 16. cxd5 Bb4 17. Re4 Bd6 18. Rae1 Rd8 19. Ng4 1-0

[Event "Australian-ch 2018"]
[Site "Sydney"]
[Date "2018.01.09"]
[Round "8"]
[White "Lane, Gary W"]
[Black "Kethro, Michael"]
[Result "1-0"]
[ECO "C07"]
[WhiteElo "2401"]
[BlackElo "2195"]
[PlyCount "45"]
[EventDate "2018.01.02"]
[EventType "tourn"]
[EventCountry "AUS"]
[TimeControl "40/5400+30:1800+30"]

1. e4 e6 2. d4 d5 3. Nd2 c5 4. exd5 Qxd5 5. Ngf3 cxd4 6. Bc4 Qd7 7. O-O Nc6 8. Nb3 Nf6 9. Nbxd4 Nxd4 10. Nxd4 a6 11. Re1 b5 12. Bb3 Bc5 13. Be3 e5 14. Nf3 Qxd1 15. Raxd1 Bxe3 16. Rxe3 O-O 17. Nxe5 Ng4 18. Nxg4 Bxg4 19. f3 Bh5 20. g4 Bg6 21. f4 h6 22. f5 Bh7 23. Rd7 1-0

[Event "Australian-ch 2018"]
[Site "Sydney"]
[Date "2018.01.09"]
[Round "8"]
[White "Clarke, Brandon G I"]
[Black "Puccini, Jack"]
[Result "1-0"]
[ECO "E73"]
[WhiteElo "2360"]
[BlackElo "2278"]
[PlyCount "73"]
[EventDate "2018.01.02"]
[EventType "tourn"]
[EventCountry "AUS"]
[TimeControl "40/5400+30:1800+30"]

1. d4 Nf6 2. c4 g6 3. Nc3 Bg7 4. e4 d6 5. Be2 O-O 6. Be3 e5 7. d5 Na6 8. g4 Nc5 9. f3 h5 10. g5 Nh7 11. h4 f6 12. gxf6 Bxf6 13. Bf2 Be7 14. Kd2 a5 15. Kc2 c6 16. Qf1 cxd5 17. Nxd5 Nf6 18. Qg2 Kh7 19. Nc3 a4 20. Nh3 Bxh3 21. Rxh3 Ne6 22. Be3 Nd4+ 23. Bxd4 exd4 24. Rg1 Rg8 25. Nb5 Rc8 26. Kb1 a3 27. Rg3 Qe8 28. b3 Bf8 29. Bd3 Nd7 30. f4 Nf6 31. e5 Ng4 32. exd6 Qf7 33. Rxg4 hxg4 34. h5 Qxf4 35. hxg6+ Kh6 36. Rh1+ Kg5 37. Qd5+ 1-0

[Event "Australian-ch 2018"]
[Site "Sydney"]
[Date "2018.01.09"]
[Round "8"]
[White "Brown, Andrew"]
[Black "Xie, George Wendi"]
[Result "0-1"]
[ECO "A41"]
[WhiteElo "2293"]
[BlackElo "2369"]
[PlyCount "81"]
[EventDate "2018.01.02"]
[EventType "tourn"]
[EventCountry "AUS"]
[TimeControl "40/5400+30:1800+30"]

1. d4 d6 2. e4 g6 3. Nf3 Bg7 4. Bc4 Nf6 5. Nc3 O-O 6. h3 Nxe4 7. Nxe4 d5 8. Bd3 dxe4 9. Bxe4 c5 10. dxc5 Qxd1+ 11. Kxd1 Na6 12. c6 bxc6 13. Bf4 Nb4 14. c3 Rd8+ 15. Bd2 Nd3 16. Bxd3 Rxd3 17. Re1 Bxh3 18. Ke2 Bf5 19. g4 Rxd2+ 20. Nxd2 Bxg4+ 21. f3 Be6 22. Ne4 Rb8 23. b3 f5 24. Nc5 Bf7 25. Red1 a5 26. Rd3 h5 27. a4 h4 28. f4 Re8 29. Rh1 e5 30. Re3 exf4 31. Rxe8+ Bxe8 32. b4 Bxc3 33. bxa5 Bxa5 34. Rxh4 g5 35. Rh6 g4 36. Rf6 Bf7 37. Rxf5 Bc4+ 38. Nd3 f3+ 39. Ke3 Bb6+ 40. Nc5 Bd5 41. Kd4 0-1

[Event "Australian-ch 2018"]
[Site "Sydney"]
[Date "2018.01.09"]
[Round "8"]
[White "Guichard, Pauline"]
[Black "Asaka, Samuel"]
[Result "1-0"]
[ECO "D00"]
[WhiteElo "2269"]
[BlackElo "1959"]
[PlyCount "59"]
[EventDate "2018.01.02"]
[EventType "tourn"]
[EventCountry "AUS"]
[TimeControl "40/5400+30:1800+30"]

1. d4 d5 2. Bf4 Nf6 3. e3 e6 4. Nf3 Bd6 5. Bg3 O-O 6. Nbd2 b6 7. Bd3 c5 8. c3 Ba6 9. Bxa6 Nxa6 10. Qe2 Nb8 11. Ne5 Qc7 12. O-O Nc6 13. f4 g6 14. Rac1 Nh5 15. Bh4 f6 16. g4 Ng7 17. Nd3 c4 18. Ne1 b5 19. Ng2 b4 20. e4 bxc3 21. bxc3 Rab8 22. Ne3 Bxf4 23. exd5 Bxe3+ 24. Qxe3 exd5 25. Bg3 Rbe8 26. Qxe8 Qxg3+ 27. hxg3 Nxe8 28. Rce1 Kf7 29. Nf3 Nd6 30. Ng5+ 1-0

[Event "Australian-ch 2018"]
[Site "Sydney"]
[Date "2018.01.10"]
[Round "9"]
[White "Xie, George Wendi"]
[Black "Dale, Ari"]
[Result "0-1"]
[ECO "A45"]
[WhiteElo "2369"]
[BlackElo "2356"]
[PlyCount "106"]
[EventDate "2018.01.02"]
[EventType "tourn"]
[EventCountry "AUS"]
[TimeControl "40/5400+30:1800+30"]

1. d4 Nf6 2. Nc3 d5 3. Bf4 e6 4. e3 Be7 5. Nf3 O-O 6. h3 c5 7. dxc5 Bxc5 8. Bd3 Nc6 9. O-O Re8 10. Bg5 h6 11. Bh4 g5 12. Bg3 e5 13. Bb5 Qd6 14. Na4 Bb4 15. a3 Ba5 16. c4 a6 17. c5 Qb8 18. Be2 Be6 19. b4 Bc7 20. Nb6 Bxb6 21. cxb6 Ne4 22. Bh2 f6 23. Nd4 Qc8 24. Nxe6 Nc3 25. Nc7 Nxd1 26. Rfxd1 Rd8 27. Rxd5 Rxd5 28. Bc4 Kh8 29. Bxd5 Rb8 30. f4 exf4 31. exf4 Qf5 32. fxg5 hxg5 33. Kh1 Ne5 34. a4 Nd3 35. b5 a5 36. Bg3 Nf4 37. Bf3 Nxh3 38. Na6 Rd8 39. Bxb7 Qg4 40. Kh2 Ng1 41. Re1 Ne2 42. Rxe2 Qh5+ 43. Kg1 Qxe2 44. Bf3 Qe3+ 45. Bf2 Qc1+ 46. Kh2 Kg7 47. Bh5 Rh8 48. g4 Qc4 49. Nc7 Rd8 50. Ne8+ Rxe8 51. Bxe8 Qe2 52. Kg1 Qxe8 53. b7 Qb8 0-1

[Event "Australian-ch 2018"]
[Site "Sydney"]
[Date "2018.01.10"]
[Round "9"]
[White "Kargosha, Bahman"]
[Black "Brown, Andrew"]
[Result "1-0"]
[ECO "E58"]
[WhiteElo "2210"]
[BlackElo "2293"]
[PlyCount "141"]
[EventDate "2018.01.02"]
[EventType "tourn"]
[EventCountry "AUS"]
[TimeControl "40/5400+30:1800+30"]

1. d4 Nf6 2. c4 e6 3. Nc3 Bb4 4. e3 O-O 5. Bd3 c5 6. Nf3 d5 7. O-O Nc6 8. a3 Bxc3 9. bxc3 Qc7 10. Bb2 dxc4 11. Bxc4 e5 12. Be2 Rd8 13. Qc2 Bg4 14. dxe5 Nxe5 15. c4 Nxf3+ 16. Bxf3 Bxf3 17. gxf3 Qc6 18. Qf5 Qe6 19. Qxe6 fxe6 20. Rfd1 Nd7 21. Bc3 Nb6 22. Rxd8+ Rxd8 23. Ba5 Rd6 24. Bxb6 Rxb6 25. Rd1 Ra6 26. Rd8+ Kf7 27. Rd7+ Kf6 28. Rxb7 Ra4 29. Rb5 Rxc4 30. Ra5 g5 31. Rxa7 h5 32. a4 Ke5 33. a5 Kd6 34. a6 Ra4 35. Ra8 Kc6 36. a7 Kb6 37. Rg8 Rxa7 38. Rxg5 Ra1+ 39. Kg2 c4 40. Rg8 Kc5 41. f4 c3 42. Kf3 Kc4 43. Rc8+ Kb3 44. Rb8+ Ka3 45. Ra8+ Kb2 46. Rb8+ Kc1 47. e4 c2 48. f5 e5 49. Ke2 Rb1 50. Rc8 Rb4 51. Kd3 Rd4+ 52. Ke3 Kb2 53. f4 Rd8 54. Rxc2+ Kxc2 55. fxe5 Rd1 56. e6 Re1+ 57. Kd4 Rd1+ 58. Kc4 Re1 59. f6 Rxe4+ 60. Kd5 Kd3 61. f7 Rf4 62. e7 Rxf7 63. e8=Q Rf5+ 64. Ke6 Rc5 65. Qg6+ Kd4 66. Qg1+ Kc4 67. Qe3 Rb5 68. Qe2+ Kb4 69. h4 Rc5 70. Kf6 Kc3 71. Kg6 1-0

[Event "Australian-ch 2018"]
[Site "Sydney"]
[Date "2018.01.10"]
[Round "9"]
[White "Yang, Ray"]
[Black "Zhang, Jilin"]
[Result "1/2-1/2"]
[ECO "A57"]
[WhiteElo "2003"]
[BlackElo "2267"]
[PlyCount "141"]
[EventDate "2018.01.02"]
[EventType "tourn"]
[EventCountry "AUS"]
[TimeControl "40/5400+30:1800+30"]

1. d4 Nf6 2. c4 c5 3. d5 b5 4. Qc2 e6 5. e4 bxc4 6. Bxc4 exd5 7. exd5 d6 8. Ne2 Nbd7 9. Nec3 Be7 10. O-O O-O 11. Be2 Bb7 12. Rd1 Re8 13. Na3 Nb6 14. Bf3 h6 15. b3 Ba6 16. Nab5 Nh7 17. Bb2 Bf6 18. a4 Be5 19. Ne4 Bxb5 20. axb5 Nf6 21. Bxe5 Rxe5 22. Nd2 Qd7 23. Nc4 Ree8 24. g3 Rab8 25. Na5 Nc8 26. Be2 Qh3 27. Nc6 Rb7 28. Bf1 Qh5 29. Bg2 Rxb5 30. Nxa7 Nxa7 31. Rxa7 Reb8 32. Rd3 Ng4 33. h3 Ne5 34. Re3 c4 35. g4 Qh4 36. bxc4 Rb1+ 37. Bf1 h5 38. Qf5 Qf6 39. Qxf6 gxf6 40. Kg2 hxg4 41. hxg4 Rc1 42. Ra6 Nxc4 43. Bxc4 Rxc4 44. Rxd6 Rxg4+ 45. Kf3 Rd4 46. Re4 Rd2 47. Rf4 Kg7 48. Rdxf6 Rxd5 49. Rxf7+ Kg6 50. Ra7 Rf5 51. Ra6+ Kg5 52. Rxf5+ Kxf5 53. Ra5+ Kf6 54. Kg4 Rb6 55. Rf5+ Kg6 56. Rg5+ Kf6 57. Rh5 Kg6 58. f4 Ra6 59. f5+ Kg7 60. Kg5 Rb6 61. Rh4 Ra6 62. Re4 Kf7 63. Re5 Rb6 64. Ra5 Rc6 65. Ra7+ Kf8 66. f6 Rc1 67. Kf5 Rf1+ 68. Kg5 Rg1+ 69. Kf5 Rf1+ 70. Kg5 Rg1+ 71. Kf5 1/2-1/2

[Event "Australian-ch 2018"]
[Site "Sydney"]
[Date "2018.01.10"]
[Round "9.9"]
[White "Puccini, Jack"]
[Black "Nakauchi, Gene"]
[Result "0-1"]
[ECO "A00"]
[WhiteElo "2278"]
[BlackElo "2208"]
[PlyCount "82"]
[EventDate "2018.01.02"]
[EventType "tourn"]
[EventCountry "AUS"]
[TimeControl "40/5400+30:1800+30"]

1. e4 c5 2. d4 cxd4 3. c3 dxc3 4. Nxc3 a6 5. Bc4 e6 6. Nf3 Ne7 7. Be3 Ng6 8. O-O d6 9. Qb3 Be7 10. Bb6 Qd7 11. Nd4 Nc6 12. Rad1 Nxd4 13. Rxd4 O-O 14. f4 Kh8 15. g3 e5 16. Rd3 exf4 17. gxf4 Bh4 18. Nd5 Qg4+ 19. Kh1 f5 20. Qc3 fxe4 21. Bd4 Rg8 22. Re3 Be6 23. Rxe4 Rac8 24. Qd3 Rxc4 25. Qxc4 Ne7 26. Rxe6 Qxe6 27. Ne3 Qe4+ 28. Kg1 Nc6 29. Bb6 Qg6+ 30. Kh1 Re8 31. f5 Qh5 32. Qf4 Bf6 33. Qxd6 Bxb2 34. Qg3 Be5 35. Qg2 Nd4 36. Ng4 Nxf5 37. Nxe5 Rxe5 38. Bd4 Re7 39. Qf2 Nh6 40. Qf8+ Ng8 41. Qd8 Qg4 0-1

[Event "Australian-ch 2018"]
[Site "Sydney"]
[Date "2018.01.10"]
[Round "9.11"]
[White "Ferozkohi, Ihsan"]
[Black "Huynh, Arthur"]
[Result "1/2-1/2"]
[ECO "E17"]
[WhiteElo "2130"]
[BlackElo "2042"]
[PlyCount "153"]
[EventDate "2018.01.02"]
[EventType "tourn"]
[EventCountry "AUS"]
[TimeControl "40/5400+30:1800+30"]

1. d4 Nf6 2. c4 e6 3. Nf3 b6 4. g3 Ba6 5. Qc2 c5 6. Bg2 Bb7 7. dxc5 bxc5 8. O-O Be7 9. Nc3 O-O 10. Rd1 d6 11. Qb3 Qc8 12. Bf4 Rd8 13. Rd2 Nh5 14. Be3 Nd7 15. Rad1 Rb8 16. Qc2 a6 17. Ng5 Nf8 18. Nge4 Qc7 19. b3 f5 20. Ng5 Bxg2 21. Kxg2 h6 22. Nxe6 Nxe6 23. Qxf5 Ng5 24. h4 Qb7+ 25. Nd5 Rf8 26. Qg6 Nxg3 27. Kxg3 Nf7 28. Bf4 Rbe8 29. f3 Bd8 30. e4 Qd7 31. Ne3 Re6 32. Qg4 Kh7 33. Kh2 g6 34. Kg2 Rg8 35. Kf2 Qe7 36. Bg3 Rf8 37. Nd5 Qe8 38. Nf4 Rf6 39. Nd5 Rxf3+ 40. Kg2 Ne5 41. Bxe5 Qxe5 42. Qxf3 Rxf3 43. Kxf3 Bxh4 44. Rg2 Qh5+ (44... Bg5) 45. Rg4 Bg5 46. Kg3 Kg7 47. Rf1 Bd8 48. Nf4 Qe5 49. Rxg6+ Kh7 50. Re6 Qc3+ 51. Kg4 Qd2 52. Rf3 Bg5 53. Nh5 Qg2+ 54. Rg3 Qxa2 55. Rxd6 Qe2+ 56. Rf3 Qxe4+ 57. Nf4 h5+ 58. Kxg5 Qe5+ 59. Kh4 Qxd6 60. Kxh5 Qd1 61. Kg4 Kg8 62. Nd5 a5 63. Kg3 Kg7 64. Kg4 Kh6 65. Kg3 Kg5 66. Rf5+ Kxf5 67. Ne3+ Ke4 68. Nxd1 Kd3 69. Nb2+ Kc3 70. Na4+ Kxb3 71. Nxc5+ Kxc4 72. Na4 Kb5 73. Nb2 Kb4 74. Kf3 Kb3 75. Nd3 Kc3 76. Nc5 Kc4 77. Ke3 1/2-1/2

[Event "Australian-ch 2018"]
[Site "Sydney"]
[Date "2018.01.10"]
[Round "9.12"]
[White "O'Connell, Kevin J"]
[Black "Leaver, Kyle"]
[Result "1-0"]
[ECO "A00"]
[WhiteElo "2328"]
[BlackElo "1973"]
[PlyCount "115"]
[EventDate "2018.01.02"]
[EventType "tourn"]
[EventCountry "AUS"]
[TimeControl "40/5400+30:1800+30"]

1. e4 e6 2. d4 d5 3. Nc3 Nf6 4. Bg5 Bb4 5. e5 h6 6. Bd2 Bxc3 7. bxc3 Ne4 8. Qg4 Kf8 9. h4 c5 10. Bd3 Nxd2 11. Kxd2 Nc6 12. Rh3 c4 13. Be2 b5 14. Rg3 Rh7 15. Qf4 Bd7 16. Bh5 Be8 17. Rf3 Qe7 18. a3 Kg8 19. Ne2 a5 20. Rh3 Rb8 21. Qe3 b4 22. axb4 axb4 23. cxb4 Qxb4+ 24. Qc3 Qxc3+ 25. Rxc3 f5 26. Bxe8 Rxe8 27. h5 Rh8 28. Ra6 Rc8 29. Rg3 Kf7 30. Nf4 Rhe8 31. Rg6 Re7 32. c3 Nd8 33. g4 fxg4 34. Rxg4 Rb8 35. Ng6 Re8 36. Kc2 Rb7 37. Rg1 Kg8 38. Ra8 Kf7 39. Rc8 Rb6 40. Rc7+ Kg8 41. Ne7+ Kh8 42. Rxg7 Kxg7 43. Nxd5+ Kh8 44. Nxb6 Rf8 45. Nxc4 Rxf2+ 46. Kb3 Nf7 47. Nd6 Ng5 48. Ne8 Kg8 49. Nf6+ Kf8 50. Nh7+ Ke8 51. Nxg5 hxg5 52. h6 Rh2 53. h7 Kf8 54. Kc4 Rh3 55. Rc8+ Kg7 56. h8=Q+ Rxh8 57. Rxh8 Kxh8 58. Kd3 1-0

[Event "Australian-ch 2018"]
[Site "Sydney"]
[Date "2018.01.10"]
[Round "9.13"]
[White "Asaka, Samuel"]
[Black "Hardegen, Andrew"]
[Result "1-0"]
[ECO "A00"]
[WhiteElo "1959"]
[BlackElo "1999"]
[PlyCount "85"]
[EventDate "2018.01.02"]
[EventType "tourn"]
[EventCountry "AUS"]
[TimeControl "40/5400+30:1800+30"]

1. d4 d5 2. c4 c6 3. cxd5 cxd5 4. Bf4 Nc6 5. e3 Nf6 6. Nc3 Bg4 7. Qb3 Na5 8. Qa4+ Bd7 9. Qc2 Rc8 10. Bd3 b5 11. a3 e6 12. Nf3 Nc4 13. O-O Be7 14. h3 O-O 15. Ne5 h6 16. Qe2 a6 17. Rfc1 Qa5 18. a4 b4 19. Nd1 Nxe5 20. dxe5 Ne4 21. b3 Rxc1 22. Rxc1 Rc8 23. Rb1 Rc6 24. Qg4 Kf8 25. f3 Nc3 26. Ra1 Nxd1 27. Rxd1 Rc3 28. Bh7 g5 29. h4 Qc5 30. Rd4 Rxb3 31. hxg5 hxg5 32. Bxg5 Bxg5 33. Qxg5 Qc1+ 34. Kh2 Qxe3 35. Qd8+ Be8 36. Qd6+ Kg7 37. Rg4+ Kxh7 38. Rh4+ Kg7 39. Rg4+ Kh7 40. Rh4+ Kg7 {Black offered a draw.} 41. Qe7 Qxe5+ 42. f4 Qa1 43. Rg4+ 1-0

[Event "Australian-ch 2018"]
[Site "Sydney"]
[Date "2018.01.10"]
[Round "9.14"]
[White "Reilly, Tim"]
[Black "Parle, Hughston"]
[Result "1-0"]
[ECO "A00"]
[WhiteElo "2169"]
[BlackElo "1961"]
[PlyCount "77"]
[EventDate "2018.01.02"]
[EventType "tourn"]
[EventCountry "AUS"]
[TimeControl "40/5400+30:1800+30"]

1. d4 Nf6 2. c4 g6 3. Nc3 d5 4. Nf3 Bg7 5. Qb3 dxc4 6. Qxc4 O-O 7. e4 a6 8. Be2 b5 9. Qb3 c5 10. dxc5 Bb7 11. e5 Nfd7 12. Be3 Nxe5 13. Nxe5 Bxe5 14. O-O e6 15. a4 b4 16. Qxb4 Qe7 17. Rac1 Nc6 18. Qc4 Rad8 19. b4 Nd4 20. b5 Bd5 21. Nxd5 Rxd5 22. f4 Nf5 23. Bf2 Rd4 24. Bxd4 Bxd4+ 25. Kh1 Qh4 26. Rf3 Bf2 27. Rh3 Qf6 28. c6 axb5 29. axb5 Ne3 30. Qc3 Qxc3 31. Rxc3 Nd5 32. Rcf3 Bc5 33. g4 Ra8 34. Rf1 Bb6 35. Rd3 Ra2 36. Bf3 Nxf4 37. Rd7 Kg7 38. c7 Rc2 39. Bc6 1-0

[Event "Australian-ch 2018"]
[Site "Sydney"]
[Date "2018.01.10"]
[Round "9.15"]
[White "McNamara, Gary"]
[Black "Winkelman, Albert"]
[Result "1/2-1/2"]
[ECO "A00"]
[WhiteElo "2134"]
[BlackElo "2017"]
[PlyCount "76"]
[EventDate "2018.01.02"]
[EventType "tourn"]
[EventCountry "AUS"]
[TimeControl "40/5400+30:1800+30"]

1. e4 e5 2. Nf3 Nc6 3. Nc3 Nf6 4. d4 exd4 5. Nxd4 Bb4 6. Nxc6 bxc6 7. Bd3 d5 8. exd5 cxd5 9. O-O O-O 10. h3 c6 11. Qf3 a5 12. Bg5 Bd6 13. Rad1 Re8 14. Ne2 Be5 15. b3 h6 16. Bf4 Qc7 17. c4 Bb7 18. Bxe5 Qxe5 19. Qg3 Qe7 20. Nd4 Ne4 21. Nf5 Nxg3 22. Nxe7+ Rxe7 23. fxg3 d4 24. c5 a4 25. b4 a3 26. Bc4 Ba6 27. Bxa6 Rxa6 28. Rxd4 Re2 29. Rc1 Rb2 30. Rd8+ Kh7 31. Rb8 Ra7 32. b5 Re7 33. b6 Ree2 34. Rc8 Rxg2+ 35. Kh1 Rh2+ 36. Kg1 Rbg2+ 37. Kf1 Rxa2 38. Kg1 Rag2+ 1/2-1/2

[Event "Australian-ch 2018"]
[Site "Sydney"]
[Date "2018.01.10"]
[Round "9.16"]
[White "Wright, Neil S"]
[Black "Willathgamuwa, Rowan"]
[Result "1/2-1/2"]
[ECO "B21"]
[WhiteElo "2126"]
[BlackElo "1980"]
[PlyCount "132"]
[EventDate "2018.01.02"]
[EventType "tourn"]
[EventCountry "AUS"]
[TimeControl "40/5400+30:1800+30"]

1. e4 c5 2. d4 cxd4 3. c3 dxc3 4. Nxc3 Nc6 5. Nf3 d6 6. Bc4 a6 7. O-O Nf6 8. Bf4 Bg4 9. h3 Bh5 10. Qb3 Qd7 11. Be2 e5 12. Bg5 Bxf3 13. Bxf3 Nd4 14. Qd1 Be7 15. Bxf6 Bxf6 16. Bg4 Ne6 17. Nd5 Bd8 18. a4 O-O 19. f4 exf4 20. Nxf4 Bg5 21. Nd5 Qd8 22. Ra3 b5 23. Raf3 Nc5 24. axb5 axb5 25. Qe2 Nd7 26. Rb3 Nf6 27. Rxb5 Rb8 28. Rf5 Rxb5 29. Nxf6+ Bxf6 30. Rxb5 Qa8 31. Qf1 Qxe4 32. Bf3 Qe3+ 33. Kh1 Rc8 34. Rd5 Rc1 35. Rd1 Rxd1 36. Bxd1 Bxb2 37. Qe2 Qxe2 38. Bxe2 f6 39. Bc4+ Kf8 40. g4 g6 41. Kg2 Kg7 42. Be6 h5 43. Kf3 Kh6 44. Ke4 Kg5 45. Bf7 f5+ 46. gxf5 gxf5+ 47. Kf3 h4 48. Bg8 Kf6 49. Bd5 Ke5 50. Bg8 Bc1 51. Bf7 Bf4 52. Bg8 d5 53. Bf7 Bg3 54. Bg8 f4 55. Bh7 Kd4 56. Ke2 Kc3 57. Bg6 d4 58. Bh7 Bh2 59. Bg6 Bg1 60. Bh7 d3+ 61. Bxd3 f3+ 62. Kxf3 Kxd3 63. Kg2 Bc5 64. Kh1 Ke3 65. Kg2 Kf4 66. Kh1 Kg3 1/2-1/2

[Event "Australian-ch 2018"]
[Site "Sydney"]
[Date "2018.01.11"]
[Round "10"]
[White "Dale, Ari"]
[Black "Solomon, Stephen J"]
[Result "1-0"]
[ECO "E46"]
[WhiteElo "2356"]
[BlackElo "2365"]
[Annotator "ChessBase"]
[PlyCount "121"]
[EventDate "2018.01.02"]
[EventType "tourn"]
[EventCountry "AUS"]
[SourceTitle "playchess.com"]
[Source "ChessBase"]
[SourceQuality "1"]
[TimeControl "40/5400+30:1800+30"]

1. d4 Nf6 2. c4 e6 3. Nc3 Bb4 4. e3 O-O 5. Nge2 d5 6. a3 Be7 7. cxd5 exd5 8. b4 c6 9. Ng3 Re8 10. Bd3 Nbd7 11. O-O a5 12. b5 c5 13. Nf5 Bf8 14. Qf3 g6 15. Ng3 Bg7 16. Nxd5 Nxd5 17. Qxd5 cxd4 18. Bb2 Ne5 19. Be4 dxe3 20. fxe3 Be6 21. Qxb7 Rb8 22. Qa7 Rxb5 23. Rad1 Qb8 24. Qxb8 Rexb8 25. Bd4 h5 26. Rb1 h4 27. Ne2 Bc4 28. Nc3 Bxf1 29. Nxb5 Bxb5 30. a4 Nc4 31. Bd3 Re8 32. axb5 Nxe3 33. Bxg7 Kxg7 34. b6 Kf6 35. Re1 Rb8 36. Rxe3 Rxb6 37. Bc4 Rb7 38. Rf3+ Kg7 39. Ra3 Rc7 40. Be2 Rc5 41. Kf2 Kf6 42. Re3 Kg5 43. Rb3 Re5 44. Rb5 Kf4 45. Rxe5 Kxe5 46. Bb5 f5 47. Ke3 f4+ 48. Kf3 h3 49. g3 g5 50. Bd7 Kd6 51. Bxh3 a4 52. Bf5 a3 53. Bb1 Ke5 54. Kg4 Ke6 55. Ba2+ Ke5 56. Kf3 Kf6 57. Bb1 Ke5 58. g4 Ke6 59. h4 Kf6 60. hxg5+ Kxg5 61. Ba2 1-0

[Event "Australian-ch 2018"]
[Site "Sydney"]
[Date "2018.01.11"]
[Round "10"]
[White "Guichard, Pauline"]
[Black "Xie, George Wendi"]
[Result "1-0"]
[ECO "D00"]
[WhiteElo "2269"]
[BlackElo "2369"]
[Annotator "ChessBase"]
[PlyCount "77"]
[EventDate "2018.01.02"]
[EventType "tourn"]
[EventCountry "AUS"]
[SourceTitle "playchess.com"]
[Source "ChessBase"]
[SourceQuality "1"]
[TimeControl "40/5400+30:1800+30"]

1. d4 d5 2. Bf4 c5 3. e3 Nc6 4. Nf3 Nf6 5. Nbd2 Qb6 6. dxc5 Qxc5 7. c4 e6 8. Rc1 Qb6 9. Qb3 Qxb3 10. Nxb3 Bb4+ 11. Nfd2 e5 12. cxd5 Nxd5 13. Bg3 f6 14. a3 Bxd2+ 15. Nxd2 Ke7 16. Bd3 h5 17. h4 Bg4 18. f3 Be6 19. Ke2 Rhd8 20. Bg6 Bf7 21. Bxf7 Kxf7 22. Nb3 Rac8 23. Nc5 Na5 24. Be1 b6 25. Bxa5 bxa5 26. Nb7 Rd7 27. Rxc8 Rxb7 28. Rd1 Ne7 29. Rc2 Nf5 30. Rd5 Rb3 31. Rxa5 Nxe3 32. Rxa7+ Kg6 33. Rc3 Rxc3 34. bxc3 Nxg2 35. a4 Nxh4 36. a5 Nf5 37. a6 h4 38. Rd7 h3 39. Kf2 1-0

[Event "Australian-ch 2018"]
[Site "Sydney"]
[Date "2018.01.11"]
[Round "10"]
[White "Nakauchi, Gene"]
[Black "Yang, Ray"]
[Result "1-0"]
[ECO "D71"]
[WhiteElo "2208"]
[BlackElo "2003"]
[Annotator "ChessBase"]
[PlyCount "71"]
[EventDate "2018.01.02"]
[EventType "tourn"]
[EventCountry "AUS"]
[SourceTitle "playchess.com"]
[Source "ChessBase"]
[SourceQuality "1"]
[TimeControl "40/5400+30:1800+30"]

1. d4 Nf6 2. c4 g6 3. g3 c6 4. Bg2 d5 5. cxd5 cxd5 6. Nc3 Bg7 7. Qb3 Nc6 8. Be3 Na5 9. Qb4 O-O 10. Bg5 Nc6 11. Qc5 Be6 12. Bxf6 Bxf6 13. e3 Rc8 14. Nxd5 Bg7 15. Rc1 Ne5 16. Qxc8 Bxc8 17. Rxc8 Qa5+ 18. b4 Nd3+ 19. Ke2 Nxb4 20. Rxf8+ Kxf8 21. Nxb4 Qxb4 22. f4 Qc4+ 23. Kf2 Qxa2+ 24. Ne2 b5 25. Rc1 Kg8 26. Rc8+ Bf8 27. Rb8 a6 28. Kf3 e6 29. Nc3 Qc4 30. Ne4 Qc7 31. Nf6+ Kh8 32. Rxf8+ Kg7 33. Ne8+ Kxf8 34. Nxc7 b4 35. Nxa6 b3 36. Ke2 1-0